 Dungeon Crawl Stone Soup version 0.22.1 (webtiles) character file.

5390 troglodite the Protected (level 10, 0/80 HPs)
             Began as a Demonspawn Berserker on Sept 17, 2018.
             Was a High Priest of Trog.
             Slain by a tengu conjurer (1 damage)
             ... on level 9 of the Dungeon.
             The game lasted 00:34:23 (11085 turns).

troglodite the Protected (Demonspawn Berserker)    Turns: 11085, Time: 00:34:24

Health: 0/80       AC: 17    Str: 17    XL:     10   Next: 39%
Magic:  10/10      EV: 16    Int:  9    God:    Trog [*****.]
Gold:   394        SH:  0    Dex: 19    Spells: 9/9 levels left

rFire    . . .     SeeInvis .   z - +5 mace of the Penguin {freeze, +Inv MR++ Dex-2 Stlth+}
rCold    . . .     Gourm    .   (no shield)
rNeg     . . .     Faith    .   l - +0 chain mail
rPois    .         Spirit   .   (no helmet)
rElec    .         Reflect  .   K - +2 cloak {MR+}
rCorr    .         Harm     .   E - +0 pair of gloves
MR       +++..                  C - +0 pair of boots
Stlth    ..........             D - amulet of magic regeneration
HPRegen  0.23/turn              F - ring of flight
MPRegen  0.37/turn              M - ring of attention

@: agile, berserk cooldown, slowed, very slow
A: hooves 2, powered by pain 1, rot immunity
a: Berserk, Trog's Hand, Brothers in Arms, Renounce Religion, Evoke
Invisibility, Evoke Flight


You were on level 9 of the Dungeon.
You worshipped Trog.
Trog was extremely pleased with you.
You were hungry.

You visited 1 branch of the dungeon, and saw 9 of its levels.
You also visited: Sewer.

You collected 589 gold pieces.
You spent 195 gold pieces at shops.

Inventory:

Hand Weapons
 a - a +0 falchion
 z - the +5 mace of the Penguin (weapon) {freeze, +Inv MR++ Dex-2 Stlth+}
   (You found it on level 6 of the Dungeon)

   It has been specially enchanted to freeze those struck by it, causing extra
   injury to most foes and up to half again as much damage against particularly
   susceptible opponents.
   It can also slow down cold-blooded creatures.
   It affects your dexterity (-2).
   It affects your resistance to hostile enchantments.
   It lets you turn invisible.
   It makes you more stealthy.
 H - a +4 great sword of freezing
 L - the +7 hand crossbow of the Fox {flame, -Tele +Inv rElec Dex-2}
   (You bought it in a shop on level 8 of the Dungeon)

   It causes projectiles fired from it to burn those they strike, causing extra
   injury to most foes and up to half again as much damage against particularly
   susceptible opponents.
   It affects your dexterity (-2).
   It insulates you from electricity.
   It lets you turn invisible.
   It prevents most forms of teleportation.
Missiles
 J - 35 bolts
Armour
 l - a +0 chain mail (worn)
 C - a +0 pair of boots (worn)
 E - a +0 pair of gloves (worn)
 K - a +2 cloak of magic resistance (worn)
Jewellery
 D - an amulet of magic regeneration (around neck)
 F - a ring of flight (left hand)
 M - a ring of attention (right hand)
Wands
 i - a wand of iceblast (7)
 v - a wand of flame (35)
 y - a wand of paralysis (12)
 G - a wand of polymorph (15)
Scrolls
 b - 2 scrolls of teleportation
 e - 2 scrolls of remove curse
 p - 2 scrolls of blinking
 t - a scroll of enchant weapon
 I - a scroll of immolation
Potions
 f - 2 potions of lignification
 h - 4 potions of heal wounds
 j - 9 potions of curing
 n - a potion of cancellation
 q - 5 potions of magic
 r - 4 potions of might
 s - a potion of ambrosia {unknown}
 x - 2 potions of flight
 A - a potion of agility {unknown}
 B - 3 potions of brilliance
Comestibles
 c - 9 rations
 d - 5 chunks of flesh


   Skills:
 * Level 7.7 Fighting
 + Level 7.1 Long Blades
 + Level 4.2 Maces & Flails
 * Level 8.1 Armour
 * Level 6.1 Dodging
 + Level 0.7 Stealth


You had 9 spell levels left.
You didn't know any spells.
Your spell library was empty.

Dungeon Overview and Level Annotations

Branches:
Dungeon (9/15)             Temple (0/1) D:4
   Lair: D:8-11         Orc: D:9-12

Altars:
Hepliaklqana
Vehumet
Wu Jian

Shops:
D:7 !   D:8 (


Innate Abilities, Weirdness & Mutations

You have hoof-like feet.
You sometimes gain a little power by taking damage.
You are immune to rotting.


Message History

The tengu conjurer hits you.
* * * LOW HITPOINT WARNING * * *
The tengu conjurer pecks you but does no damage.
The tengu conjurer claws you but does no damage.
The tengu conjurer casts a spell at you.
The bolt of lightning misses you.
You hit the tengu conjurer. You freeze the tengu conjurer.
The tengu conjurer is almost dead.
The tengu conjurer gestures at you while chanting.
The bolt of lightning hits you!
* * * LOW HITPOINT WARNING * * *
You focus on the pain.
You feel agile all of a sudden.
Your chain mail prevents you from hitting the tengu conjurer.
The tengu conjurer is almost dead.
The tengu conjurer points at you and mumbles some strange words.
The zap hits you! The tengu conjurer hits you!
* * * LOW HITPOINT WARNING * * *
The tengu conjurer barely misses you. The tengu conjurer claws you.
You die...

#.......####'#######
#.......# #.###
###.##### #...# #.
###.## .. #..# #+#
##.#######
#........#
#........#
#@.......#
#....*Q).....>.#
..#####........#
#........#
#........#
#........#
##########


You could see a tengu conjurer and a battlesphere (wandering).

Vanquished Creatures
  A two-headed ogre (D:8)
  A tengu warrior (D:9)
  Joseph (D:7)
  Prince Ribbit (D:7)
  A wyvern (D:8)
  A steam dragon (D:8)
  Edmund (D:5)
  A hungry ghost (D:8)
  6 ogres
  A necrophage (D:9)
  2 sky beasts (D:6)
  A phantom (D:5)
  2 centaurs
  2 big kobolds (D:4)
  A bullfrog (D:6)
  2 scorpions
  A water moccasin skeleton (D:7)
  5 wights (D:8)
  A howler monkey (D:6)
  A bullfrog zombie (D:7)
  A crimson imp (D:7)
  A centaur zombie (D:5)
  4 jellies
  2 bullfrog skeletons
  4 hounds
  A centaur skeleton (D:7)
  An orc priest (D:7)
  Crazy Yiuf (D:7)
  4 iguanas
  Natasha (thrice) (D:2)
  A gnoll shaman (D:7)
  3 orc wizards
  5 worker ants
  3 hound zombies
  16 gnolls
  5 river rats (Sewer)
  13 adders
  4 shadow imps (D:7)
  An ooze (D:7)
  2 adder zombies
  3 worms
  2 dart slugs
  4 leopard geckos
  23 orcs
  7 ball pythons
  6 bats
  8 giant cockroaches
  9 hobgoblins
  7 jackals
  38 kobolds
  8 quokkas
  9 frilled lizards
  8 goblins
  A leopard gecko skeleton (D:6)
  A quokka zombie (D:5)
  26 rats
268 creatures vanquished.

Vanquished Creatures (collateral kills)
  An orc warrior (D:6)
1 creature vanquished.

Grand Total: 269 creatures vanquished

Notes
Turn   | Place    | Note
-------+----------+-------------------------------------------
     0 | D:1      | troglodite the Demonspawn Berserker began the quest for the
                  | Orb.
     0 | D:1      | Reached XP level 1. HP: 18/18 MP: 1/1
   181 | D:1      | Gained mutation: You sometimes gain a little power by
                  | taking damage. [demonic ancestry]
   181 | D:1      | Reached XP level 2. HP: 24/24 MP: 2/2
   607 | D:2      | Reached skill level 2 in Armour
   607 | D:2      | Reached XP level 3. HP: 24/29 MP: 3/3
   609 | D:2      | Reached ** piety under Trog
   615 | D:2      | Noticed Natasha
   637 | D:2      | Killed Natasha
   932 | D:2      | Found a hazy altar of Hepliaklqana.
   948 | D:2      | Reached XP level 4. HP: 33/37 MP: 4/4
  1035 | D:2      | Noticed Natasha
  1043 | D:2      | Killed Natasha
  1050 | D:2      | Noticed Natasha
  1060 | D:2      | Killed Natasha
  1398 | D:2      | Gained mutation: You have large cloven feet. [demonic
                  | ancestry]
  1398 | D:2      | Reached XP level 5. HP: 42/42 MP: 5/5
  2088 | D:3      | Reached *** piety under Trog
  2392 | D:3      | Reached skill level 3 in Armour
  2562 | D:3      | Gained mutation: You are immune to rotting. [demonic
                  | ancestry]
  2562 | D:3      | Reached XP level 6. HP: 45/48 MP: 6/6
  3193 | D:4      | Found a staircase to the Ecumenical Temple.
  3377 | D:4      | Found a radiant altar of Vehumet.
  3510 | D:4      | Reached XP level 7. HP: 48/55 MP: 7/7
  3583 | D:4      | Reached skill level 4 in Armour
  4066 | D:5      | Entered Level 5 of the Dungeon
  4117 | D:5      | Reached skill level 5 in Fighting
  4262 | D:5      | Reached **** piety under Trog
  4930 | D:5      | Reached skill level 5 in Long Blades
  4959 | D:5      | Noticed Edmund
  4982 | D:5      | Killed Edmund
  4982 | D:5      | Reached XP level 8. HP: 33/63 MP: 8/8
  5256 | D:5      | Reached skill level 5 in Armour
  5750 | D:6      | Found a glowing drain.
  5928 | Sewer    | Entered a sewer
  6169 | Sewer    | Reached ***** piety under Trog
  7425 | D:6      | Got a slimy mace
  7426 | D:6      | Identified the +5 mace of the Penguin {freeze, +Inv MR++
                  | Dex-2 Stlth+} (You found it on level 6 of the Dungeon)
  7604 | D:6      | Reached skill level 6 in Armour
  8020 | D:7      | Reached skill level 1 in Maces & Flails
  8020 | D:7      | Reached XP level 9. HP: 69/69 MP: 9/9
  8096 | D:7      | Noticed Prince Ribbit
  8423 | D:7      | Killed Prince Ribbit
  8423 | D:7      | Reached skill level 5 in Dodging
  8426 | D:7      | Received a gift from Trog
  8590 | D:7      | Noticed Joseph
  8607 | D:7      | Killed Joseph
  9210 | D:7      | Found a runed door.
  9349 | D:7      | Found Jibeussigyo's Distillery.
  9584 | D:7      | Noticed Crazy Yiuf
  9589 | D:7      | Killed Crazy Yiuf
  9679 | D:8      | Found an ornate altar of the Wu Jian Council.
  9691 | D:8      | Reached skill level 7 in Armour
  9898 | D:8      | Found Lusepum's Antique Weapon Shop.
  9903 | D:8      | Bought an ichor-stained hand crossbow for 195 gold pieces
 10223 | D:8      | Noticed a two-headed ogre
 10228 | D:8      | Killed a two-headed ogre
 10228 | D:8      | Gained mutation: You have hoof-like feet. [demonic
                  | ancestry]
 10228 | D:8      | Reached XP level 10. HP: 79/79 MP: 10/10
 10572 | D:8      | Identified the +7 hand crossbow of the Fox {flame, -Tele
                  | +Inv rElec Dex-2} (You bought it in a shop on level 8 of
                  | the Dungeon)
 11068 | D:9      | Noticed a tengu warrior
 11079 | D:9      | Killed a tengu warrior
 11079 | D:9      | Reached skill level 8 in Armour
 11085 | D:9      | HP: 1/80 [tengu conjurer (7)]
 11085 | D:9      | Slain by a tengu conjurer

Skill      XL: |  1  2  3  4  5  6  7  8  9 10 |
---------------+-------------------------------+-----
Dodging        | 2 3 4 5 6 |  6.1
Long Blades    | 3 4 5 6 7 |  7.1
Armour         | 2 3 4 6 7 8 |  8.1
Fighting       | 4 5 6 7 |  7.7
Maces & Flails | 1 3 4 |  4.2
Stealth        | |  0.7

Action                   |  1- 3 |  4- 6 |  7- 9 | 10-12 || total
-------------------------+-------+-------+-------+-------++-------
Melee: Falchion          |    85 |   223 |   307 |       ||   615
       Kick              |       |    60 |   109 |       ||   169
       Mace              |       |       |   114 |    78 ||   192
       Great sword       |       |       |    65 |       ||    65
Invok: Berserk           |     5 |     4 |    12 |     2 ||    23
       Brothers in Arms  |       |       |     1 |       ||     1
  Use: Potion            |       |     2 |     1 |       ||     3
       Scroll            |       |       |       |    15 ||    15
  Eat: Chunk             |     5 |    12 |    25 |     5 ||    47
       Ration            |       |       |     2 |     1 ||     3
Armor: Animal skin       |     9 |       |       |       ||     9
       Ring mail         |    20 |     4 |       |       ||    24
       Chain mail        |       |   162 |   302 |    63 ||   527
Dodge: Dodged            |    73 |   118 |   319 |    53 ||   563
       Rpst.: Falchion   |    20 |    40 |    49 |       ||   109
       Great sword       |       |       |    12 |       ||    12
